AoeStats
← 冰蓝

Nomad

510738816Analyzed
2v2 RM · 18h ago on Oct 2, 2026· 26m 50s· 4 players
Game mode
Random Map
Map size
176×176
Population
200
Speed
Normal
Resources
Standard
Victory
Conquest
Starting age
Dark Age
Ending age
Imperial Age
RankedLock teamsTeams togetherTeam positionsShared explorationLock speedFull tech treeHidden civsTurbo modeCheats
Victory
Defeat
🇦🇺 Wei · Australia
949
+17
🇦🇺 Varangians · Australia
934
+17
🇨🇳 Slavs · China
965
-46
🇨🇳 Hindustanis · China
965
-46
Curlz
11:43 Loom
17:30 Feudal Age
18:10 Double-Bit Axe
18:37 Fishing Lines
20:55 Man-at-Arms
24:43 Castle Age
23:12 Bloodlines
24:54 Scale Barding Armor
25:00 Forging
25:59 Chain Barding Armor
25:46 Husbandry
Sinbad
3:54 Loom
15:05 Feudal Age
17:26 Double-Bit Axe
22:32 Castle Age
冰蓝
20:55 Feudal Age
23:28 Wheelbarrow
爱森
18:49 Feudal Age
Connection lost

Rejoining the realm…

Still unreachable

The connection could not be restored.

Session expired

The server has moved on; the page needs a fresh start.